[Event "*** SCC Grand Prix: Titled Tuesday Blitz"]
[Site "Chess.com"]
[Date "2020.06.23"]
[Round "6"]
[White "czasnaszachy"]
[Black "sertalzin"]
[Result "1-0"]
[WhiteElo "2250"]
[BlackElo "2021"]
[TimeControl "180+1"]
[EndTime "11:04:10 PDT"]
[Termination "czasnaszachy won by checkmate"]

1. d4 d5 2. c4 c6 3. Nc3 Nf6 4. Nf3 e6 5. Bg5 h6 6. Bh4 dxc4 7. a4 Bb4 8. e3 b5 9. Ne5 Bb7 10. Be2 Nbd7 11. f4 Qc8 12. O-O a6 13. Bf3 O-O 14. Qe1 c5 15. Qg3 cxd4 16. exd4 Bxc3 17. bxc3 Bd5 18.
f5 Ne4 19. Bxe4 Bxe4 20. f6 Nxe5 21. Qxg7# 1-0

[Event "*** SCC Grand Prix: Titled Tuesday Blitz"]
[Site "Chess.com"]
[Date "2020.06.23"]
[Round "6"]
[White "Kumi29"]
[Black "j_coca"]
[Result "1-0"]
[WhiteElo "2394"]
[BlackElo "2195"]
[TimeControl "180+1"]
[EndTime "11:04:11 PDT"]
[Termination "Kumi29 won by resignation"]

1. e4 g6 2. h4 Bg7 3. h5 d6 4. d4 Nc6 5. d5 Nb8 6. h6 Bf6 7.
f4 e5 8. fxe5 Bxe5 9. Qf3 Qf6 10. Nc3 Nd7 11. Bd2 Qxf3 12. Nxf3 Bg3+ 13. Kd1 Ne5 14.
Nxe5 Bxe5 15. Bb5+ Bd7 16. Bxd7+ Kxd7 17. Rf1 f6 18. Ke2 Ne7 19. g4 Rhf8 20. Kd3 c6 21.
Rf3 Bxc3 22. Bxc3 cxd5 23. Rxf6 dxe4+ 24. Kxe4 Rxf6 25. Bxf6 Nc6 26. Bg7 Re8+ 27. Kf3 Re7 28. Kg3 Re2 29. Rf1 Nd8 30. Rf8 Rxc2 31. Rh8 g5 32.
Rxh7 Kc6 33. Bf6 Ne6 34. Re7 Kd5 35. h7 Nf4 36. h8=Q 1-0

[Event "*** SCC Grand Prix: Titled Tuesday Blitz"]
[Site "Chess.com"]
[Date "2020.06.23"]
[Round "6"]
[White "Falia-p"]
[Black "bratkoo"]
[Result "0-1"]
[WhiteElo "2242"]
[BlackElo "2415"]
[TimeControl "180+1"]
[EndTime "11:04:14 PDT"]
[Termination "bratkoo won by resignation"]

1. e4 e6 2. d4 d5 3. Nc3 Nf6 4. e5 Nfd7 5. f4 c5 6. Nf3 Nc6 7. Be3 Be7 8. Qd2 b6 9. Bb5 Bb7 10. Ne2 f5 11. exf6 Nxf6 12. Ne5 Rc8 13. Ng3 O-O 14.
O-O cxd4 15. Nxc6 Bxc6 16. Bxc6 dxe3 17. Qc3 Qd6 18. Qxe3 Qc5 19. Qxc5 Bxc5+ 20. Kh1 Rxc6 21. c3 Ng4 22. h3 Nf2+ 23. Kh2 Nd3 24. Ne2 Bd6 25.
g3 Nxb2 26. Nd4 Rxc3 27. Nxe6 Re8 28. Rfe1 Rc2+ 29. Kh1 Nd3 30. Re3 Nf2+ 31. Kg1 Bc5 32. Nxc5 Rxe3 0-1

[Event "*** SCC Grand Prix: Titled Tuesday Blitz"]
[Site "Chess.com"]
[Date "2020.06.23"]
[Round "6"]
[White "Chuchofrio1"]
[Black "HouseOfDurin"]
[Result "1-0"]
[WhiteElo "2217"]
[BlackElo "1917"]
[TimeControl "180+1"]
[EndTime "11:04:16 PDT"]
[Termination "Chuchofrio1 won by resignation"]

1. d4 Nf6 2. c4 c5 3. d5 b5 4. cxb5 a6 5. e3 axb5 6. Bxb5 Bb7 7. Nc3 Qa5 8. Bd2 Qb6 9. Nf3 Nxd5 10. a4 Nf6 11.
O-O g6 12. e4 Nxe4 13. Nxe4 Bxe4 14. Bc3 f6 15. Re1 Bb7 16. Qe2 Kf7 17. Rad1 d5 18. Ng5+ fxg5 19. Bxh8 d4 20. Qg4 Kg8 21. Be5 Na6 22. Bc4+ 1-0

[Event "*** SCC Grand Prix: Titled Tuesday Blitz"]
[Site "Chess.com"]
[Date "2020.06.23"]
[Round "6"]
[White "Gajuchess"]
[Black "K-Nygren"]
[Result "1-0"]
[WhiteElo "2758"]
[BlackElo "2527"]
[TimeControl "180+1"]
[EndTime "11:04:18 PDT"]
[Termination "Gajuchess won by checkmate"]

1. Nf3 Nf6 2. g3 g6 3. Bg2 Bg7 4. O-O O-O 5. d4 d6 6. c4 a6 7. Nc3 Bg4 8. h3 Bd7 9. e4 Nc6 10. e5 Ne8 11. Bf4 Qc8 12. Kh2 Rb8 13. Re1 b5 14.
cxb5 axb5 15. Rc1 e6 16. Ne4 d5 17. Nc5 Nd8 18. Qd2 f5 19. exf6 Nxf6 20. Ne5 Be8 21. h4 Rb6 22. Bh3 Nh5 23. Bg5 Nf7 24. Nxf7 Bxf7 25. Bh6 Qe8 26. Bxg7 Nxg7 27. Nd3 Kh8 28.
Rxc7 Bg8 29. Ne5 b4 30. Qh6 Rxf2+ 31. Kg1 Rf7 32. Nxg6# 1-0

[Event "*** SCC Grand Prix: Titled Tuesday Blitz"]
[Site "Chess.com"]
[Date "2020.06.23"]
[Round "6"]
[White "Bayernbk"]
[Black "Mikhail_Golubev"]
[Result "1/2-1/2"]
[WhiteElo "2461"]
[BlackElo "2584"]
[TimeControl "180+1"]
[EndTime "11:04:18 PDT"]
[Termination "Game drawn by agreement"]

1. e4 c5 2. c3 d6 3. d4 Nf6 4. Bd3 e5 5. Nf3 Nc6 6. O-O cxd4 7. cxd4 exd4 8. h3 Be7 9. Na3 O-O 10. Nc2 d5 11. e5 Nd7 12. Re1 f6 13. e6 Nde5 14. Ncxd4 Nxd4 15. Nxd4 Bc5 16. Be3 Nxd3 17. Qxd3 Re8 18.
Rac1 Bxd4 19. Bxd4 Bxe6 20. Qg3 1/2-1/2

[Event "*** SCC Grand Prix: Titled Tuesday Blitz"]
[Site "Chess.com"]
[Date "2020.06.23"]
[Round "6"]
[White "MasterKroket"]
[Black "KingChess345"]
[Result "1-0"]
[WhiteElo "2397"]
[BlackElo "2171"]
[TimeControl "180+1"]
[EndTime "11:04:23 PDT"]
[Termination "MasterKroket won by resignation"]

1. d4 Nf6 2. c4 e6 3. Nf3 Bb4+ 4. Bd2 Qe7 5. g3 Bxd2+ 6. Nbxd2 d6 7. Bg2 e5 8. dxe5 dxe5 9. e3 O-O 10. O-O Bg4 11. Qc2 Nc6 12. a3 a5 13. Ng5 Rad8 14. Nde4 Bf5 15.
Nxf6+ Qxf6 16. Be4 g6 17. Bxf5 gxf5 18. Nf3 e4 19.
Nh4 Ne5 20. f3 Qb6 21. Nxf5 Nxf3+ 22. Rxf3 exf3 23. Rf1 Rfe8 24. Rxf3 Qg6 25. Rf4 Re5 26. Rg4 Rxf5 27. Qxf5 Rd1+ 28. Kf2 Rd2+ 29. Ke1 Rxb2 30. Rxg6+ hxg6 31. Qc8+ Kg7 32. Qxc7 Rxh2 33. Qxb7 1-0

[Event "*** SCC Grand Prix: Titled Tuesday Blitz"]
[Site "Chess.com"]
[Date "2020.06.23"]
[Round "6"]
[White "AGW2016"]
[Black "XiaoKangZhong"]
[Result "0-1"]
[WhiteElo "2237"]
[BlackElo "2409"]
[TimeControl "180+1"]
[EndTime "11:04:25 PDT"]
[Termination "XiaoKangZhong won by resignation"]

1. e4 c6 2. Nc3 d5 3. Nf3 dxe4 4. Nxe4 Nf6 5. Nxf6+ exf6 6. d4 Bd6 7. Bd3 O-O 8. O-O Qc7 9. h3 Nd7 10. c4 Rd8 11. b3 Nf8 12. Bb2 Ng6 13. Bxg6 hxg6 14. d5 cxd5 15. cxd5 Bf5 16. Rc1 Qa5 17. Nd4 Qxd5 18.
Nxf5 Qxf5 19. Qe2 Re8 20. Qc4 Rac8 21. Qa4 Re2 22. Rxc8+ Qxc8 23. Bd4 a6 24. Be3 g5 25. Rd1 Bc5 26. Rc1 Rxe3 27. Qd4 Re1+ 0-1

[Event "*** SCC Grand Prix: Titled Tuesday Blitz"]
[Site "Chess.com"]
[Date "2020.06.23"]
[Round "6"]
[White "doons21"]
[Black "IMHansNiemann"]
[Result "0-1"]
[WhiteElo "2548"]
[BlackElo "2957"]
[TimeControl "180+1"]
[EndTime "11:04:26 PDT"]
[Termination "IMHansNiemann won by resignation"]

1. e4 e6 2. d3 d5 3. Nd2 c5 4. Ngf3 Nc6 5. g3 Bd6 6. Bg2 Nge7 7. O-O O-O 8. Re1 Qc7 9. c3 b5 10. a4 b4 11. Nf1 a5 12. Ne3 Ba6 13. exd5 exd5 14. d4 Rad8 15. Nh4 bxc3 16. bxc3 cxd4 17. cxd4 Nxd4 18. Qxd4 Be5 19. Qg4 Bxa1 20. Nef5 Nxf5 21. Nxf5 Bc8 22. Ba3 Bxf5 23. Qxf5 Qc3 24. Re3 Qf6 25. Qd3 Rfe8 26. Bxd5 Rxe3 27. Qxe3 Bd4 28. Qf3 Bxf2+ 29. Kg2 Qxf3+ 30. Bxf3 Rd2 31. Bc1 Rc2 32. Bf4 Be3+ 33.
Kh3 Bxf4 34. gxf4 Rc4 0-1

[Event "*** SCC Grand Prix: Titled Tuesday Blitz"]
[Site "Chess.com"]
[Date "2020.06.23"]
[Round "6"]
[White "FMOlexandrProhorov"]
[Black "Ural_bogatyr"]
[Result "1-0"]
[WhiteElo "2118"]
[BlackElo "2312"]
[TimeControl "180+1"]
[EndTime "11:04:31 PDT"]
[Termination "FMOlexandrProhorov won by resignation"]

1. e4 e5 2. Nf3 Nc6 3. c3 Nf6 4.
d4 Nxe4 5. d5 Bc5 6. dxc6 Bxf2+ 7. Ke2 Bb6 8. Qd5 Nf2 9. Qxe5+ Kf8 10. Be3 Ng4 11. Qg5 Qe8 12. Qxg4 Qxe3+ 13. Kd1 dxc6 14. Qg5 Qxg5 15. Nxg5 Bg4+ 16. Kc2 Rd8 17. Bc4 Bf5+ 18. Kb3 a5 19. a4 Bg6 20. Rf1 Rd7 21. Na3 f6 22.
Ne6+ Ke7 23. Nxg7 Kd8 24. Rad1 1-0

[Event "*** SCC Grand Prix: Titled Tuesday Blitz"]
[Site "Chess.com"]
[Date "2020.06.23"]
[Round "6"]
[White "alenee"]
[Black "kidagent"]
[Result "1/2-1/2"]
[WhiteElo "2389"]
[BlackElo "2217"]
[TimeControl "180+1"]
[EndTime "11:04:35 PDT"]
[Termination "Game drawn by agreement"]

1. e4 c5 2. Nf3 d6 3. Bc4 Nf6 4. Qe2 Nc6 5. c3 Bg4 6. d3 e6 7. Nbd2 Be7 8. h3 Bh5 9. Bb3 O-O 10. g4 Bg6 11. Nh4 d5 12. Nxg6 hxg6 13. e5 Nd7 14. f4 Bh4+ 15. Kf1 f6 16. Nf3 fxe5 17. Kg2 Be7 18. Nxe5 Ndxe5 19. fxe5 Qc7 20. Bc2 Qxe5 21. Qxe5 Nxe5 22. d4 cxd4 23. cxd4 Nf3 24. Be3 Rac8 25. Bd3 e5 26. Rhf1 e4 27. Bb5 Rc2+ 28. Rf2 Rxf2+ 29. Bxf2 Rc8 30. Ba4 Bf6 31. Bb3 Rd8 32.
Rc1 Nxd4 33. Bxd4 Bxd4 34. Rd1 Bxb2 35. Rxd5 Rxd5 36. Bxd5+ Kf8 37. Bxe4 b6 38. Bxg6 Ke7 39. Kf3 Kf6 40. Bd3 Bc1 1/2-1/2

[Event "*** SCC Grand Prix: Titled Tuesday Blitz"]
[Site "Chess.com"]
[Date "2020.06.23"]
[Round "6"]
[White "bascheyaro"]
[Black "Artyom_ChessMate"]
[Result "1-0"]
[WhiteElo "2713"]
[BlackElo "2512"]
[TimeControl "180+1"]
[EndTime "11:04:38 PDT"]
[Termination "bascheyaro won on time"]

1. d4 d5 2. c4 e6 3. Nc3 Nf6 4. Nf3 Be7 5. Bg5 h6 6. Bxf6 Bxf6 7. e3 O-O 8. h3 c6 9. Qc2 Nd7 10. cxd5 cxd5 11. Bd3 b6 12. Rc1 Bb7 13. O-O Rc8 14.
Qa4 a6 15. Qb3 Qe7 16. a4 Rfd8 17. Na2 g6 18. Nb4 e5 19. Rxc8 Rxc8 20. Nxd5 Bxd5 21. Qxd5 exd4 22. exd4 Rd8 23. Re1 Qf8 24. Qb3 Kg7 25.
Bxa6 Nb8 26. Bb5 Bxd4 27. Nxd4 Rxd4 28. Qc3 Qc5 29. Re8 Nd7 30. Rd8 Qe5 31. Rxd7 Rd1+ 32. Rxd1 1-0

[Event "*** SCC Grand Prix: Titled Tuesday Blitz"]
[Site "Chess.com"]
[Date "2020.06.23"]
[Round "6"]
[White "Chessmasterzt"]
[Black "chenxiaoyuer"]
[Result "0-1"]
[WhiteElo "2575"]
[BlackElo "2378"]
[TimeControl "180+1"]
[EndTime "11:04:38 PDT"]
[Termination "chenxiaoyuer won by resignation"]

1. Nf3 Nf6 2. d4 g6 3. c4 Bg7 4. Nc3 O-O 5. e4 d6 6. Be2 e5 7. O-O Nc6 8. d5 Ne7 9. b4 a5 10. Ba3 Nh5 11. g3 f5 12. Ng5 Nf6 13. Bf3 axb4 14.
Bxb4 h6 15. Nh3 fxe4 16. Bg2 Bg4 17. f3 exf3 18. Rxf3 e4 19. Rxf6 Bxd1 20. Rxf8+ Qxf8 21. Rxd1 Nf5 22. Nf4 Ne3 23. Rd2 Nxg2 24. Kxg2 g5 25. Nfe2 Qf3+ 26. Kg1 e3 27. Rd1 Bxc3 28. Nxc3 Qf2+ 29.
Kh1 e2 0-1

[Event "*** SCC Grand Prix: Titled Tuesday Blitz"]
[Site "Chess.com"]
[Date "2020.06.23"]
[Round "6"]
[White "Khvicha_Supatashvili"]
[Black "jonaszmb"]
[Result "1-0"]
[WhiteElo "2650"]
[BlackElo "2476"]
[TimeControl "180+1"]
[EndTime "11:04:42 PDT"]
[Termination "Khvicha_Supatashvili won on time"]

1. d4 d5 2. c4 Bf5 3. cxd5 Nf6 4. f3 Bxb1 5. Qa4+ Nbd7 6. Rxb1 Nxd5 7. e4 Nb6 8. Qc2 e5 9. d5 Bc5 10. b4 Bxg1 11.
Rxg1 a5 12. b5 O-O 13. g4 a4 14. Be3 Qh4+ 15. Qf2 Qe7 16. h4 a3 17. h5 Na4 18.
Rc1 Qb4+ 19. Qd2 Qd6 20. Kf2 Nb2 21. Be2 Nb6 22. Bc5 Qf6 23. g5 Qd8 24. Bxf8 Kxf8 25. h6 g6 26. Qc3 N6a4 27. Qxe5 Ra5 28. Rxc7 1-0

[Event "*** SCC Grand Prix: Titled Tuesday Blitz"]
[Site "Chess.com"]
[Date "2020.06.23"]
[Round "6"]
[White "bazar-wokzal"]
[Black "Korchmar_Vasiliy"]
[Result "0-1"]
[WhiteElo "2428"]
[BlackElo "2608"]
[TimeControl "180+1"]
[EndTime "11:04:42 PDT"]
[Termination "Korchmar_Vasiliy won by resignation"]

1. e4 c5 2. c3 Nf6 3. e5 Nd5 4. d4 cxd4 5. cxd4 e6 6. Nc3 Nxc3 7. bxc3 Qc7 8. Bd2 d6 9. f4 b6 10.
Nf3 Bb7 11. Bd3 Nd7 12. O-O Be7 13. f5 dxe5 14. fxe6 fxe6 15. Ng5 O-O-O 16. Nxe6 Qc6 17. Qg4 Rde8 18. Rf7 h5 19. Qh3 g5 20. Bxg5 Rhg8 21.
Bf5 Kb8 22. Rxe7 Rxe7 23. Re1 Rxe6 24. Bxe6 Rxg5 25. Bxd7 Rxg2+ 26. Kf1 Qc4+ 0-1

[Event "*** SCC Grand Prix: Titled Tuesday Blitz"]
[Site "Chess.com"]
[Date "2020.06.23"]
[Round "6"]
[White "djano"]
[Black "csati17"]
[Result "1-0"]
[WhiteElo "2465"]
[BlackElo "2600"]
[TimeControl "180+1"]
[EndTime "11:04:45 PDT"]
[Termination "djano won by resignation"]

1. d4 Nf6 2. Nf3 b6 3. Bf4 Bb7 4. e3 Nh5 5. Bg3 Nxg3 6. hxg3 e6 7. Bd3 g6 8. Nbd2 Bg7 9. Qe2 a5 10. e4 c5 11. c3 cxd4 12. Nxd4 Nc6 13. N2f3 Nxd4 14. Nxd4 Bxd4 15. cxd4 Rc8 16. O-O Qg5 17. e5 h5 18. Be4 Bxe4 19. Qxe4 h4 20. g4 O-O 21.
Rad1 Rc4 22. b3 Rc3 23. Rd3 Rfc8 24. Rfd1 Rc2 25. Rf3 Rc1 26. Rxc1 Rxc1+ 27. Kh2 Kg7 28. Qb7 Qd8 29. a4 Qc7 30. Qe4 Qd8 31. Qf4 Qe7 32.
Qxc1 1-0

[Event "*** SCC Grand Prix: Titled Tuesday Blitz"]
[Site "Chess.com"]
[Date "2020.06.23"]
[Round "6"]
[White "Ginger_GM"]
[Black "Philosopherrr"]
[Result "1-0"]
[WhiteElo "2668"]
[BlackElo "2481"]
[TimeControl "180+1"]
[EndTime "11:04:46 PDT"]
[Termination "Ginger_GM won by resignation"]

1. b3 Nf6 2. Bb2 g6 3. g3 Bg7 4. Bg2 O-O 5. d3 d5 6. Nd2 Nc6 7. e3 e5 8. Ne2 a5 9. a3 Be6 10.
h3 Qc8 11. g4 Nd7 12. Ng3 Ne7 13.
Qe2 f5 14. gxf5 Nxf5 15. Nxf5 gxf5 16. Rg1 Kh8 17. O-O-O a4 18. Qh5 axb3 19. cxb3 Nc5 20. Kc2 Ra6 21. Bxd5 Nxd3 22. Rxg7 Kxg7 23. Rg1+ Kh8 24.
Kxd3 Bxd5 25. Bxe5+ Raf6 26. Qh6 Be4+ 27. Kc3 1-0

[Event "*** SCC Grand Prix: Titled Tuesday Blitz"]
[Site "Chess.com"]
[Date "2020.06.23"]
[Round "6"]
[White "vugarrasulov"]
[Black "Muracle"]
[Result "1-0"]
[WhiteElo "2803"]
[BlackElo "2604"]
[TimeControl "180+1"]
[EndTime "11:04:47 PDT"]
[Termination "vugarrasulov won by resignation"]

1. d4 Nf6 2. Nf3 g6 3. c4 Bg7 4. g3 O-O 5. Bg2 c6 6. O-O d5 7. b3 a5 8. Nc3 Ne4 9. Bb2 Nxc3 10. Bxc3 Nd7 11. a4 Nf6 12. Ne5 Ne4 13. Bb2 Bf5 14.
Rc1 Rc8 15. Ba3 Re8 16. e3 Bxe5 17. dxe5 dxc4 18. Rxc4 Ng5 19. Rd4 Qb6 20. b4 axb4 21. Rxb4 Qc7 22. Qb3 Be6 23. Qb2 Bd5 24. Rxb7 Qa5 25. Qb4 Qa6 26. Rxe7 Nf3+ 27. Bxf3 Bxf3 28. e6 c5 29. exf7+ 1-0

[Event "*** SCC Grand Prix: Titled Tuesday Blitz"]
[Site "Chess.com"]
[Date "2020.06.23"]
[Round "6"]
[White "MartinMatthiesen"]
[Black "abykhovsky"]
[Result "0-1"]
[WhiteElo "2332"]
[BlackElo "2682"]
[TimeControl "180+1"]
[EndTime "11:04:47 PDT"]
[Termination "abykhovsky won by checkmate"]

1. d4 Nf6 2. c4 c5 3. d5 b5 4. cxb5 a6 5. bxa6 g6 6. Nc3 Bxa6 7. g3 d6 8. Bg2 Bg7 9. Nf3 Nbd7 10. Rb1 Nb6 11. b3 Bb7 12. Nh4 O-O 13. O-O Nfd7 14. Bb2 Bxc3 15. Bxc3 Rxa2 16. b4 c4 17. Qd4 f6 18.
Qg4 Qe8 19. e4 Ne5 20. Qd1 Qa4 21. Qd4 Qb5 22. f4 Nd3 23. Bh3 Bc8 24. Bxc8 Rxc8 25. Ra1 Rca8 26. Rxa2 Rxa2 27. g4 Na4 28. g5 Nxc3 29.
Qxc3 Qxb4 30. Qxb4 Nxb4 31. gxf6 exf6 32. Rc1 Rc2 33. Ra1 Nd3 34. Ra8+ Kg7 35. Ra7+ Kh6 36. Rc7 Nxf4 37. Nf3 Nh3+ 38. Kh1 Nf4 39. Nd4 Rc1# 0-1

[Event "*** SCC Grand Prix: Titled Tuesday Blitz"]
[Site "Chess.com"]
[Date "2020.06.23"]
[Round "6"]
[White "pastouche06"]
[Black "KyrgyzFighter"]
[Result "0-1"]
[WhiteElo "2478"]
[BlackElo "2299"]
[TimeControl "180+1"]
[EndTime "11:04:52 PDT"]
[Termination "KyrgyzFighter won by checkmate"]

1. d4 f5 2. c4 Nf6 3. Nc3 g6 4. h4 d6 5. Bg5 h6 6. Bxf6 exf6 7.
h5 g5 8. e3 Bg7 9. Bd3 O-O 10.
Qc2 f4 11. e4 Nc6 12. Nge2 f5 13. a3 Nxd4 14. Nxd4 Bxd4 15. exf5 Qe7+ 16. Kf1 Bxc3 17.
bxc3 Qf6 18. Rb1 Rb8 19. Rh3 Bxf5 20. Bxf5 Qxf5 21. Rd3 b6 22. Kg1 Rbe8 23. Rbd1 g4 24. Qb1 Re5 25. c5 Rxc5 26. Qb3+ Qf7 27. Qb4 Qxh5 28.
Qe4 f3 29. Qe6+ Kg7 30. Rd4 Rcf5 31. gxf3 gxf3 32. Kf1 Qh1# 0-1

[Event "*** SCC Grand Prix: Titled Tuesday Blitz"]
[Site "Chess.com"]
[Date "2020.06.23"]
[Round "6"]
[White "PavelShkapenko"]
[Black "Barmen_EV"]
[Result "1-0"]
[WhiteElo "2661"]
[BlackElo "2477"]
[TimeControl "180+1"]
[EndTime "11:04:54 PDT"]
[Termination "PavelShkapenko won by checkmate"]

1. e4 c5 2. c3 Nf6 3. e5 Nd5 4. d4 cxd4 5. cxd4 Nc6 6. Nc3 Nxc3 7. bxc3 d5 8. Bd3 g6 9. h4 Bg7 10. h5 Qa5 11. Bd2 Bd7 12. Ne2 gxh5 13. Nf4 O-O-O 14.
Nxh5 Bf8 15. Qf3 Rg8 16. Bxh7 Bg4 17. Qxf7 Bxh5 18. Qxg8 Bh6 19. Qe6+ Kb8 20. Qxh6 Bg4 21. Qf4 Be6 22. Bd3 Rg8 23. Kf1 a6 24. Rh6 Bd7 25. e6+ Qc7 26. exd7 Rd8 27. Rxc6 Qxf4 28. Bxf4+ Ka7 29.
Rc7 Kb6 30. Rb1+ Ka5 31. Rbxb7 Rxd7 32. Rc5+ Ka4 33. Bc2+ Ka3 34. Ra5# 1-0

[Event "*** SCC Grand Prix: Titled Tuesday Blitz"]
[Site "Chess.com"]
[Date "2020.06.23"]
[Round "6"]
[White "MF1966Idrisov"]
[Black "antoszu"]
[Result "0-1"]
[WhiteElo "2345"]
[BlackElo "2542"]
[TimeControl "180+1"]
[EndTime "11:04:54 PDT"]
[Termination "antoszu won by resignation"]

1. Nf3 d5 2. b3 Nf6 3. Bb2 Bg4 4. e3 e6 5. d4 Nbd7 6. Be2 c5 7. Ne5 Bxe2 8.
Qxe2 Rc8 9. O-O Bd6 10. c4 cxd4 11. exd4 O-O 12. Nd2 b6 13. Rac1 dxc4 14. Ndxc4 Be7 15.
f4 Nd5 16. f5 exf5 17. Rxf5 b5 18. Ne3 Nxe3 19. Qxe3 Rxc1+ 20. Qxc1 Nxe5 21. Rxe5 Bf6 22. Re4 Qd5 23. Qe3 g6 24. Re8 Rxe8 25. Qxe8+ Kg7 26. Qe3 b4 27. Qd3 a5 28. h3 h5 29. Kf1 Qg5 30.
Qe2 Qf5+ 31. Qf2 Qb1+ 32. Ke2 Qxb2+ 0-1

[Event "*** SCC Grand Prix: Titled Tuesday Blitz"]
[Site "Chess.com"]
[Date "2020.06.23"]
[Round "6"]
[White "OnePeculiarConundrum"]
[Black "louis198"]
[Result "1-0"]
[WhiteElo "2317"]
[BlackElo "2482"]
[TimeControl "180+1"]
[EndTime "11:04:55 PDT"]
[Termination "OnePeculiarConundrum won by resignation"]

1. e4 e6 2. d4 d5 3. e5 c5 4. c3 Qb6 5. Nf3 Bd7 6. a3 cxd4 7. cxd4 Ne7 8. Nc3 Nf5 9. b4 a5 10. b5 h5 11. Bb2 Be7 12. Rc1 g5 13. Na4 Qd8 14.
Nc5 b6 15. Nb7 Qc8 16. Rxc8+ Bxc8 17. Nd6+ Bxd6 18. exd6 Nxd6 19. Nxg5 Ra7 20. a4 Rc7 21. Nf3 Nd7 22. Bd3 Nf6 23. O-O h4 24. h3 Nfe4 25. Ne5 f6 26. Nc6 Rg7 27. f3 Rhg8 28. Qc2 Ng5 29. Kh1 Bd7 30. Ba3 Nc8 31. Nb8 Ne7 32. Nxd7 Kxd7 33. Bxe7 Rxe7 34. Qc6+ Kd8 35. Qxb6+ Ke8 36.
Qxa5 e5 37. dxe5 fxe5 38. Bf5 Kf7 39. Qd2 Kf6 40. Qxd5 Rd8 41. Qxd8 1-0

[Event "*** SCC Grand Prix: Titled Tuesday Blitz"]
[Site "Chess.com"]
[Date "2020.06.23"]
[Round "6"]
[White "ValentinDragnev"]
[Black "Hikaru"]
[Result "0-1"]
[WhiteElo "2744"]
[BlackElo "3213"]
[TimeControl "180+1"]
[EndTime "11:04:59 PDT"]
[Termination "Hikaru won by resignation"]

1. d4 g6 2. Nf3 Bg7 3. e4 c6 4. h3 d5 5. Nbd2 dxe4 6. Nxe4 Nf6 7. Nxf6+ exf6 8. Be2 Be6 9. O-O O-O 10. Bf4 Nd7 11. Qd2 Re8 12. Rfe1 b5 13. c3 Nb6 14. Bh6 a5 15. a3 a4 16. Bxg7 Kxg7 17. Bd3 Qd6 18. Re2 Nd5 19. Rae1 Nf4 20. Re3 Red8 21. Bf1 Rab8 22.
Re4 g5 23. h4 Bd5 24. hxg5 Bxe4 25. Rxe4 fxg5 26. Nxg5 Ng6 27. Qe2 h6 28. Nf3 c5 29.
Qe3 c4 30. g3 Rb7 31. Ne5 f5 32. Rh4 Nxh4 33. gxh4 Qf6 34. Bg2 Re7 35. Qg3+ Kh7 36. Qf4 Rde8 37. Bh3 Rxe5 38. dxe5 Rxe5 39. Kf1 Qe6 40. Qd2 Qd5 41. Qxd5 Rxd5 42. Ke2 Kg6 43. Bg2 Re5+ 44. Kf3 Re1 45. Kf4 Rb1 46. Bh3 Rxb2 47.
Bxf5+ Kf6 48. f3 Rb3 49. Bd7 Rxc3 50. Bxb5 Rxa3 51. Bxc4 Ra1 0-1

[Event "*** SCC Grand Prix: Titled Tuesday Blitz"]
[Site "Chess.com"]
[Date "2020.06.23"]
[Round "6"]
[White "SARGISMV"]
[Black "ValeriyGrinev"]
[Result "1/2-1/2"]
[WhiteElo "2444"]
[BlackElo "2546"]
[TimeControl "180+1"]
[EndTime "11:04:59 PDT"]
[Termination "Game drawn by agreement"]

1. Nf3 c5 2. c4 Nc6 3. g3 g6 4. Bg2 Bg7 5. O-O e5 6. Nc3 d6 7. d3 Nge7 8. a3 a5 9. Ne1 Be6 10. Nc2 d5 11. cxd5 Nxd5 12. Ne3 Nde7 13. Rb1 O-O 14. Bd2 Rb8 15. Ne4 b6 16. b4 axb4 17. axb4 Nxb4 18. Bxb4 cxb4 19. Rxb4 Nc6 20. Nf6+ Bxf6 21.
Bxc6 Qd6 22. Qa4 Rfc8 23. Bg2 b5 24. Rxb5 Rxb5 25. Qxb5 Rb8 26. Qc6 Qxc6 27. Bxc6 Rb2 28. Bf3 Bg5 29. Ra1 Bxe3 30. fxe3 Bh3 31. g4 Rb4 32. e4 f5 33. Ra8+ Kg7 34. Ra7+ Kh6 35. exf5 gxf5 36. gxf5 Bxf5 37. Kf2 e4 38. dxe4 Bxe4 39.
Ra6+ Kg5 40. Ra5+ Kf6 41. Ra7 Bxf3 42. exf3 h5 43. Kg3 h4+ 44. Kh3 Rf4 45. Ra3 Kg5 1/2-1/2

[Event "*** SCC Grand Prix: Titled Tuesday Blitz"]
[Site "Chess.com"]
[Date "2020.06.23"]
[Round "6"]
[White "pedromartinez91"]
[Black "silverback96"]
[Result "1-0"]
[WhiteElo "2496"]
[BlackElo "2283"]
[TimeControl "180+1"]
[EndTime "11:04:59 PDT"]
[Termination "pedromartinez91 won by checkmate"]

1. e4 e6 2. d4 d5 3. Nc3 Bb4 4. Qd3 Nf6 5. e5 Ne4 6. a3 Nxc3 7. axb4 Ne4 8. f3 Qh4+ 9. g3 Nxg3 10. hxg3 Qxh1 11. Kf2 h5 12. Nh3 h4 13. g4 Nc6 14.
Bg2 Nxb4 15. Qb5+ c6 16. Qxb4 Qd1 17. Qc3 Bd7 18. b4 b6 19. Bg5 Qxa1 20. Qxa1 a5 21.
bxa5 Rxa5 22. Qb2 Rb5 23. Qa3 c5 24. Qa8+ Bc8 25. Qxc8# 1-0

[Event "*** SCC Grand Prix: Titled Tuesday Blitz"]
[Site "Chess.com"]
[Date "2020.06.23"]
[Round "6"]
[White "KNCP_719"]
[Black "saikrishnaReturns"]
[Result "0-1"]
[WhiteElo "2467"]
[BlackElo "2636"]
[TimeControl "180+1"]
[EndTime "11:05:00 PDT"]
[Termination "saikrishnaReturns won on time"]

1. e4 e5 2. Nf3 Nc6 3. d4 exd4 4. Bc4 Nf6 5. e5 d5 6. Bb5 Ne4 7. Nxd4 Bd7 8. Bxc6 bxc6 9. O-O Bc5 10. f3 Ng5 11. f4 Ne4 12. Be3 Bb6 13. Nd2 c5 14. N4f3 Nxd2 15. Qxd2 d4 16. Bf2 Bc6 17. f5 Bxf3 18.
gxf3 Qd5 19. Qg5 h6 20. Qxg7 O-O-O 21. Bg3 Rdg8 22. Qf6 h5 23. Kh1 h4 24. Bf4 Rh5 25.
Rae1 c4 26. b3 d3 27. bxc4 Rg1+ 28. Rxg1 Qxf3+ 29. Rg2 h3 30. Qg7 Qxf4 31. Qg8+ Kb7 32. Rg3 d2 33. Rd1 Qe4+ 0-1

[Event "*** SCC Grand Prix: Titled Tuesday Blitz"]
[Site "Chess.com"]
[Date "2020.06.23"]
[Round "6"]
[White "BikingBrian"]
[Black "Carolina-moon"]
[Result "1-0"]
[WhiteElo "2263"]
[BlackElo "2034"]
[TimeControl "180+1"]
[EndTime "11:05:01 PDT"]
[Termination "BikingBrian won on time"]

1. d4 f5 2. Nc3 d5 3. Bf4 e6 4. Nb5 Na6 5. e3 c6 6. Nc3 Nf6 7. Nf3 Bd6 8. Ne5 Qa5 9. Be2 Ne4 10. O-O Nxc3 11. bxc3 Qxc3 12. Rb1 Nc7 13. Rb3 Qa5 14. Nxc6 bxc6 15. Bxd6 Nb5 16. Bxb5 cxb5 17. Qh5+ g6 18. Qg5 Qd8 19. Qf4 Kf7 20. Rxb5 Ba6 21. Rfb1 Bxb5 22. Rxb5 Qd7 23. Be5 Qxb5 24. h4 h5 25. Qg5 Rhg8 26.
Qf6+ Ke8 27. Qxe6+ Kf8 28. Bd6+ Kg7 29. Qe7+ 1-0

[Event "*** SCC Grand Prix: Titled Tuesday Blitz"]
[Site "Chess.com"]
[Date "2020.06.23"]
[Round "6"]
[White "David_Paravyan"]
[Black "kushagramohan"]
[Result "1-0"]
[WhiteElo "2923"]
[BlackElo "2724"]
[TimeControl "180+1"]
[EndTime "11:05:02 PDT"]
[Termination "David_Paravyan won by resignation"]

1. e4 e5 2. Nf3 Nc6 3. Bb5 a6 4. Ba4 Nf6 5. O-O Nxe4 6. Re1 Nc5 7. Bxc6 dxc6 8. Nxe5 Be7 9. d4 Ne6 10. Be3 O-O 11.
c4 f6 12. Nf3 f5 13. Bd2 Bd6 14. Nc3 Bd7 15. c5 Be7 16. Qb3 Kh8 17. Rxe6 Bxe6 18.
Qxe6 Bf6 19. Rd1 Qc8 20. Qxc8 Raxc8 21. Bf4 b5 22. h4 g6 23. g3 Kg7 24. Ng5 Rfe8 25.
d5 Bxc3 26. bxc3 Rcd8 27. Bxc7 Rxd5 28. Rxd5 cxd5 29. c6 h6 30. Be5+ Kf8 31. Nf3 Ke7 32.
Nd4 Rc8 33. f4 a5 34. a3 Kf7 35. Kf2 1-0